 Dungeon Crawl Stone Soup version 0.32-a0-685-g93135e86f0 (webtiles) character file.

Game seed: 14971414638860134028

1766 gimp the Fighter (level 9, -5/97 HPs)
             Began as an Oni Shapeshifter on Mar 12, 2024.
             Was a Priest of Uskayaw.
             Slain by a kobold brigand
             ... wielding a +0 war axe
              (12 damage)
             ... in a bailey.
             The game lasted 00:06:47 (6618 turns).

gimp the Fighter (Oni Shapeshifter)                 Turns: 6618, Time: 00:06:47

Health: -5/97      AC:  7    Str: 20    XL:     9   Next: 7%
Magic:  5/9        EV: 10    Int: 11    God:    Uskayaw [***...]
Gold:   424        SH:  0    Dex: 20    Spells: 8/8 levels left

rFire   + .          .
                       - Unarmed
rCold   . . .        (no shield)
rNeg    . . .        a - +0 animal skin
rPois   .            (helmet currently unavailable)
rElec   .            (cloak currently unavailable)
rCorr   .            (gloves unavailable)
SInv    .            (boots unavailable)
Will    .....        (no amulet)
Stlth   ++           b - ring "Fiedie" {^Drain rF+ AC+4 Dex+2}
HPRegen 0.36/turn    r - +6 ring of dexterity
MPRegen 0.11/turn

%: no passive effects
@: lethally poisoned (-5 -> -9), beast-form, slowed, very slow
A: beast (slay +3), large, unfitting armour, horns 1, tough skin 1, double
potion healing, drunken brawling
a: Begin Untransformation, Renounce Religion, Stomp, Line Pass


You were in a bailey.
You worshipped Uskayaw.
Uskayaw was noncommittal.
You were a hulking beast.
You visited 2 branches of the dungeon, and saw 8 of its levels.
You also visited: Bailey.

You collected 424 gold pieces.

Inventory:

Missiles
 E - 3 curare-tipped darts
Armour
 a - a +0 animal skin (worn)
 n - a +0 cloak
 s - a +0 cloak
 y - a +0 cloak
Jewellery
 b - the ring "Fiedie" (left hand) {^Drain rF+ AC+4 Dex+2}
   (You found it on level 4 of the Dungeon)

   [ring of protection]

   AC+4:      It affects your AC (+4).
   Dex+2:     It affects your dexterity (+2).
   rF+:       It protects you from fire.
   ^Drain:    It drains your maximum health when unequipped.
 r - a +6 ring of dexterity (right hand)
 C - a ring of resist corrosion
Talismans
 c - a beast talisman (active)
 d - a flux talisman
 B - a blade talisman
Wands
 i - a wand of flame (6)
Scrolls
 g - 10 scrolls of identify {unknown}
 h - a scroll of butterflies {unknown}
 j - 2 scrolls of amnesia {unknown}
 l - 2 scrolls of vulnerability {unknown}
 m - 2 scrolls of teleportation {unknown}
 p - 2 scrolls of blinking {unknown}
 q - a scroll of enchant armour {unknown}
 t - a scroll of revelation {unknown}
 u - a scroll of brand weapon {unknown}
 w - a scroll of enchant weapon {unknown}
 D - a scroll of fear {unknown}
Potions
 e - a potion of resistance {unknown}
 f - a potion of attraction
 k - 3 potions of brilliance {unknown}
 o - 2 potions of invisibility {unknown}
 v - a potion of ambrosia {unknown}
 x - a potion of heal wounds {unknown}
 z - a potion of lignification
 A - a potion of degeneration {unknown}
 F - a potion of curing {unknown}


   Skills:
 + Level 8.7 Fighting
 - Level 1.7 Dodging
 + Level 6.5 Unarmed Combat
 + Level 6.6 Shapeshifting


You had 8 spell levels left.
You didn't know any spells.
Your spell library was empty.

Dungeon Overview and Level Annotations

Branches:
Dungeon (7/15)             Temple (1/1) D:6          Bailey (1/1)

Altars:
Ashenzari
Cheibriados
Dithmenos
Fedhas
Gozag
Hepliaklqana
Kikubaaqudgha
Makhleb
Nemelex Xobeh
Okawaru
Qazlal
Ru
Sif Muna
Trog
Uskayaw
Vehumet
Wu Jian
Xom
Yredelemnul
Zin
The Shining One
Beogh

Shops:
D:5 *   D:6 (

Annotations:
D:2 1 runed translucent door, exclusion: door, Crazy Yiuf
D:4 3 runed translucent doors, exclusion: 3 doors, elongatedgoose's ghost, amateur SpBr


Innate Abilities, Weirdness & Mutations

You are a hulking beast.
Your limbs bulge with bestial killing power. (Slay +3)
You are too large for most types of armour.
You have a pair of small horns on your head.
You have tough skin. (AC +1)
You gain doubled healing and magic from potions.
Whenever you drink a healing potion, you attack all around you.


Message History

You take 1 damage, and have 73/89 hp.
You feel sick.
The kobold brigand throws a curare-tipped dart.
The curare-tipped dart hits you.
You are more poisoned.
You have difficulty breathing.
You feel yourself slow down.
You take 8 damage, and have 65/89 hp.
Aiming: Throw Flame
Press: ? - help, Shift-Dir - straight line, f - kobold brigand
Aim: a kobold brigand, wielding a +0 war axe and quivering curare-tipped darts (60% to hit)
The puff of flame hits the kobold brigand but does no damage.
You feel very sick.
The kobold brigand is engulfed in a cloud of scalding steam.
You take 2 damage, and have 63/89 hp.
You feel sick.
The kobold brigand is engulfed in a cloud of scalding steam.
The kobold brigand throws a curare-tipped dart.
The curare-tipped dart hits you.
You are more poisoned.
You have difficulty breathing.
You feel as though you will be slow longer.
The kobold brigand is engulfed in a cloud of scalding steam.
You take 7 damage, and have 56/89 hp.
You feel very sick.
The kobold brigand hits you with a +0 war axe.
You take 6 damage, and have 50/89 hp.
You hit the kobold brigand but do no damage.
The kobold brigand is heavily wounded.
You feel very sick.
The kobold brigand hits you with a +0 war axe. x2
You take 8 damage, and have 42/89 hp.
You punch the kobold brigand! You headbutt the kobold brigand.
The kobold brigand is almost dead.
You feel sick. The kobold brigand barely misses you.
You take 1 damage, and have 41/89 hp.
You hit the kobold brigand.
You kill the kobold brigand!
You feel sick.
The kobold brigand throws a poisoned dart.
The poisoned dart completely misses you.
You have reached level 9!
Your experience leads to an increase in your attributes!
Your base attributes are Str 19, Int 11, Dex 10.
Increase (S)trength, (I)ntelligence, or (D)exterity?
You feel agile. x2; You feel stronger.
You regained 2 hp, and now have 43/97 hp.
MP restored: 9 You punch the kobold brigand!
You punch the kobold brigand, but do no damage.
The kobold brigand is heavily wounded.
You feel sick.
The kobold brigand hits you with a +0 war axe!
You can now pass through a line of other dancers.
You take 8 damage, and have 35/97 hp.
You closely miss the kobold brigand.
Your headbutt misses the kobold brigand.
You punch the kobold brigand, but do no damage.
The kobold brigand is heavily wounded.
You feel sick.
The kobold brigand hits you with a +0 war axe.
* * * LOW HITPOINT WARNING * * *
The kobold brigand closely misses you.
You take 6 damage, and have 29/97 hp.
You hit the kobold brigand.
The kobold brigand is severely wounded.
You feel sick.
You are no longer poisoned.
The kobold brigand hits you with a +0 war axe.
* * * LOW HITPOINT WARNING * * *
You take 3 damage, and have 26/97 hp.
You hit the kobold brigand.
The kobold brigand is severely wounded.
The kobold brigand hits you with a +0 war axe!
* * * LOW HITPOINT WARNING * * *
You take 9 damage, and have 17/97 hp.
You punch the kobold brigand!
You kill the kobold brigand!
The kobold brigand throws a poisoned dart.
The poisoned dart hits you!
You are poisoned.
Uskayaw will force your foes to helplessly watch your dance.
Uskayaw prepares the audience for your solo!
The helpless kobold brigand fails to defend itself.
You hit the kobold brigand. You headbutt the kobold brigand!
The kobold brigand is severely wounded.
You feel very sick.
The kobold brigand is no longer paralysed.
The kobold brigand hits you with a +0 war axe.
* * * LOW HITPOINT WARNING * * *
You take 7 damage, and have 10/97 hp.
Aiming: Line Pass
Press: ? - help, Dir - move target The kobold brigand appears confused.
Splash!
You fall into the shallow water.
You feel very sick.
The kobold brigand seems less confused.
The kobold brigand barely misses you.
The kobold brigand hits you with a +0 war axe!
You die...
Your body falls in perfect tune with the rhythm.

###K### ##..K..##
#...ß...# #∩[....∩#
##.....## ####'''####
##~.......~##
#####~~.......~~#####
#....~~.......~hK...#
#.###~~.......~~###.#
#....~~.......~~....#
#.###~~.......~~###.#
#....~~.......~~. ..#
#.###~~.......~~###.#
#....~~.......~~....#
#.###~~.......~~###.#
#....~~.......~~....#


You could see a kobold brigand.

Vanquished Creatures
  Edmund (D:6)
  A water moccasin (D:7)
  An ice beast (D:6)
  2 ogres (D:6)
  A centaur (D:6)
  5 kobold brigands (Bailey)
  A phantom (D:5)
  A bullfrog (D:7)
  A scorpion (D:4)
  3 wights
  A howler monkey (D:5)
  A jelly (D:6)
  2 hounds
  An orc priest (D:6)
  Jessica (D:3)
  2 iguanas
  14 gnolls
  4 adders
  3 dart slugs
  22 orcs
  8 endoplasms
  11 goblins
  8 hobgoblins
  A jackal (D:4)
  3 quokkas
  10 ball pythons
  6 bats
  6 frilled lizards
  19 kobolds
  5 rats
145 creatures vanquished.

Notes
Turn   | Place    | Note
-------+----------+-------------------------------------------
     0 | D:1      | gimp the Oni Shapeshifter began the quest for the Orb.
     0 | D:1      | Reached XP level 1. HP: 19/19 MP: 1/1
   174 | D:1      | Reached XP level 2. HP: 20/28 MP: 2/2
   237 | D:1      | Reached skill level 2 in Fighting
   561 | D:1      | Found a faded altar of an unknown god.
   959 | D:2      | Reached XP level 3. HP: 35/36 MP: 3/3
  1408 | D:2      | Found a runed translucent door.
  1409 | D:2      | Noticed Crazy Yiuf
  1861 | D:2      | Reached skill level 3 in Fighting
  1917 | D:3      | Reached XP level 4. HP: 39/45 MP: 4/4
  2412 | D:3      | Noticed Jessica
  2416 | D:3      | Killed Jessica
  2920 | D:3      | Reached XP level 5. HP: 43/53 MP: 5/5
  3150 | D:4      | Reached skill level 4 in Fighting
  3261 | D:4      | Found a runed translucent gate.
  3262 | D:4      | Found a runed translucent gate.
  3271 | D:4      | Found a runed translucent gate.
  3271 | D:4      | Noticed elongatedgoose's ghost (amateur SpBr)
  3271 | D:4      | Identified the +7 whip "Ritwis" {drain, Str+3}
  3315 | D:4      | Identified the +10 dagger of Etacioz {protect, ^Drain rN+
                  | rCorr Dex+2}
  3829 | D:4      | Reached XP level 6. HP: 51/63 MP: 6/6
  3907 | D:4      | Identified the ring "Fiedie" {^Drain rF+ AC+4 Dex+2}
  4171 | D:4      | Reached skill level 5 in Fighting
  4497 | D:4      | Found a roughly hewn altar of Beogh.
  4528 | D:5      | Entered Level 5 of the Dungeon
  4761 | D:5      | Reached XP level 7. HP: 67/72 MP: 7/7
  4790 | D:5      | Found Meesheag's Lightly-Used Armoury.
  5141 | D:6      | Noticed Edmund
  5345 | D:5      | Reached skill level 6 in Fighting
  5345 | D:5      | Reached skill level 5 in Shapeshifting
  5493 | D:6      | Found Ethri's Weapon Shop.
  5517 | D:6      | Reached skill level 5 in Unarmed Combat
  5570 | D:6      | Reached XP level 8. HP: 83/84 MP: 8/8
  5574 | D:6      | Found a staircase to the Ecumenical Temple.
  5586 | Temple   | Entered the Ecumenical Temple
  5589 | Temple   | Became a worshipper of Uskayaw the Reveller
  5615 | D:6      | Reached * piety under Uskayaw
  5618 | D:6      | Reached ** piety under Uskayaw
  5619 | D:6      | Reached skill level 7 in Fighting
  5743 | D:6      | Killed Edmund
  6121 | D:6      | Reached *** piety under Uskayaw
  6150 | D:6      | Found a glowing golden altar of the Shining One.
  6155 | D:6      | Found a snail-covered altar of Cheibriados.
  6352 | D:7      | Found a glowing silver altar of Zin.
  6396 | D:7      | Reached skill level 8 in Fighting
  6397 | D:7      | Found a flagged portal.
  6406 | Bailey   | Entered a bailey
  6441 | Bailey   | Reached **** piety under Uskayaw
  6444 | Bailey   | Reached ***** piety under Uskayaw
  6612 | Bailey   | Reached XP level 9. HP: 43/97 MP: 9/9
  6618 | Bailey   | Slain by a kobold brigand

Illustrated notes

Levels and vault maps discovered:
D:1:      erik_arrival_orb_chamber, layout_loops_corners,
          hellmonk_ecumenical_altar_heavens_door, st_stairs_6
D:2:      layout_basic, serial_bayou_pond_c, minmay_crystal_room,
          uniq_crazy_yiuf_cottage
D:3:      wad_crossroads, layout_loops_corners, minmay_hedge_maze, uniq_jessica
D:4:      layout_basic, biasface_ghost_orc_armoury, kennysheep_generic_room_9
D:5:      layout_basic, serial_corexii_hall, corexii_hall_statues_x,
          chequers_hall_statues_y, minmay_shop_damaged
D:6:      layout_basic, mainiacjoe_overflow_big_doors,
          minmay_temple_entry_arrows, serial_shops, nicolae_stop_n_shop_1,
          lemuel_flamethrower_1, uniq_edmund
D:7:      layout_rooms, elyvilon_altar_1, mainiacjoe_overflow_paths,
          enter_bailey_2, guppyfry_shop_venom, uniq_menkaure
Temple:   dpeg_three_leaves_temple
Bailey:   bailey_axe_3, bailey

Skill      XL: |  1  2  3  4  5  6  7  8 |
---------------+-------------------------+-----
Fighting       | 2 3 4 5 6 8 |  8.7
Unarmed Combat | 3 4 5 6 |  6.5
Shapeshifting  | 4 5 6 |  6.6
Dodging        | |  1.7

Action                     |  1- 3 |  4- 6 |  7- 9 || total
---------------------------+-------+-------+-------++-------
  Melee: Unarmed           |    87 |   175 |   122 ||   384
         Headbutt          |    12 |    30 |    29 ||    71
         Punch             |     2 |     5 |     6 ||    13
 Invoke: Line Pass         |       |       |     2 ||     2
  Evoke: Wand              |       |     1 |     7 ||     8
    Use: Potion            |       |     2 |       ||     2
   Stab: Sleeping          |     1 |     1 |       ||     2
         Paralysed         |       |       |     4 ||     4
 Armour: Animal skin       |    47 |    89 |    74 ||   210
         Skin              |       |     9 |       ||     9
  Dodge: Dodged            |    37 |    77 |    68 ||   182

Table legend: (Time is in decaauts)
 A = Elapsed time spent in this place.
 B = Non-inter-level travel time spent in this place.
 C = Inter-level travel time spent in this place.
 D = Time resting spent in this place.
 E = Time spent auto-exploring this place.
 F = Levels seen in this place.
 G = Mean time per level.
                   A        B        C        D        E       F      G
               +--------+--------+--------+--------+--------+-----+--------+
         Total |   6594 |   6456 |    138 |    236 |   5215 |   9 |  732.7 |
       Dungeon |   6374 |   6238 |    136 |    236 |   5093 |   7 |  910.6 |
        Temple |      6 |      4 |      2 |      0 |      0 |   1 |    6.0 |
        Bailey |    213 |    213 |      0 |      0 |    122 |   1 |  213.0 |
               +--------+--------+--------+--------+--------+-----+--------+

Top non-repeatable levels by time:
     D:3: 1307 daAuts
     D:4: 1302 daAuts
     D:2: 1059 daAuts
     D:5: 900 daAuts
     D:6: 899 daAuts
     D:1: 843 daAuts
  Bailey: 213 daAuts
     D:7: 61 daAuts
  Temple: 6 daAuts
